 Dungeon Crawl Stone Soup version 0.23-a0-402-g64599a1 (webtiles) character file.

14 MisterFreud the Sneak (level 2, -1/22 HPs)
             Began as a Naga Fire Elementalist on Nov 4, 2018.
             Slain by a kobold
             ... wielding a +0 whip
              (3 damage)
             ... on level 1 of the Dungeon.
             The game lasted 00:01:58 (495 turns).

MisterFreud the Sneak (Naga Fire Elementalist)       Turns: 495, Time: 00:01:59

Health: -1/22      AC:  1    Str: 10    XL:     2   Next: 41%
Magic:  0/5        EV: 15    Int: 15    God:
Gold:   15         SH:  0    Dex: 16    Spells: 4/5 levels left

rFire    . . .     SeeInvis +   i - +0 dagger
rCold    . . .     Gourm    .   (no shield)
rNeg     . . .     Faith    .   a - +0 robe
rPois    +         Spirit   .   (no helmet)
rElec    .         Reflect  .   (no cloak)
rCorr    .         Harm     .   (no gloves)
MR       .....                  (no barding)
Stlth    ++++......             (no amulet)
HPRegen  0.07/turn              (no ring)
MPRegen  0.09/turn              (no ring)

@: agile, short of breath, very slow
A: large, see invisible, deformed body, poison resistance, slowness 2, slow
metabolism 1, spit poison 1, AC +0
a: Spit Poison


You were on level 1 of the Dungeon.
You were not hungry.

You visited 1 branch of the dungeon, and saw 1 of its levels.

You collected 15 gold pieces.

Inventory:

Hand Weapons
 i - a +0 dagger (weapon)
Missiles
 e - 13 sling bullets
Armour
 a - a +0 robe (worn)
Scrolls
 b - a scroll of identify {unknown}
 g - a scroll of teleportation {unknown}
Comestibles
 c - a ration
 h - a chunk of flesh


   Skills:
 - Level 1.5 Dodging
 + Level 4.7 Stealth
 - Level 2.0 Spellcasting
 - Level 1.0 Conjurations
 - Level 3.0 Fire Magic


You had 4 spell levels left.
You knew the following spells:

 Your Spells              Type           Power        Failure   Level  Hunger
a - Flame Tongue          Conj/Fire      #....        10%         1    #......

Your spell library contained the following spells:

 Spells                   Type           Power        Failure   Level  Hunger
 Throw Flame              Conj/Fire      #.....       14%         2    ###....
 Conjure Flame            Conj/Fire      #.......     28%         3    ###....
 Inner Flame              Hex/Fire       #.......     34%         3    ###....
 Sticky Flame             Conj/Fire      #.......     67%         4    #####..
 Fireball                 Conj/Fire      #.........   95%         5    ######.


Dungeon Overview and Level Annotations

Branches:
Dungeon (1/15)

Altars:


Innate Abilities, Weirdness & Mutations

You cannot wear boots.
Your serpentine skin is tough. (AC +0)
You have supernaturally acute eyesight. (SInv)
Armour fits poorly on your strangely shaped body.
Your system is resistant to poisons. (rPois)
You cover ground very slowly.
You have a slow metabolism.
You can spit poison.


Message History

Press: ? - help, Shift-Dir - straight line, f/p - kobold
Aim: a kobold, wielding a +0 whip The flame tongue misses the kobold.
The kobold closely misses you.
Press: ? - help, Shift-Dir - straight line, f/p - kobold
Aim: a kobold, wielding a +0 whip The splash of poison misses the kobold.
You feel slightly more hungry. The kobold hits you with a +0 whip.
* * * LOW HITPOINT WARNING * * *
Press: ? - help, v - describe, . - travel
Here: a kobold, wielding a +0 whip The floor.
Unknown command.
Unknown command.
Unknown command.
Unknown command.
Unknown command.
It was a potion of agility.
You feel agile all of a sudden. The kobold hits you with a +0 whip.
You die...

.).#
#.##........#
##.#
#.......###.#
##)####.##.##.#
#.#
..............#
#.#
##.####....##.#
#.# ##.#
#.#####.###.#
...# #†#
#.##(.# ####
#.. ..##.## ...
#@# .... #K#
.... #.# #†#
##.## #...#
#.#.# #...#
##.##


You could see a kobold.

Vanquished Creatures
  2 bats (D:1)
  A giant cockroach (D:1)
  2 hobgoblins (D:1)
  A kobold (D:1)
  A frilled lizard (D:1)
  4 goblins (D:1)
11 creatures vanquished.

Notes
Turn   | Place    | Note
-------+----------+-------------------------------------------
     0 | D:1      | MisterFreud the Naga Fire Elementalist began the quest for
                  | the Orb.
     0 | D:1      | Reached XP level 1. HP: 15/15 MP: 3/3
   167 | D:1      | Reached skill level 4 in Stealth
   179 | D:1      | Reached XP level 2. HP: 9/22 MP: 0/5
   495 | D:1      | Slain by a kobold

Vault maps used:
D:1:      scummos_arrival_simple_crosswalls

Skill      XL: |  1 |
---------------+----+-----
Stealth        | 4 |  4.7
Dodging        | |  1.5
Spellcasting   | |  2.0
Conjurations   | |  1.0
Fire Magic     | |  3.0

Action                   || total
-------------------------++-------
Melee: Club              ||     4
       Dagger            ||     5
 Cast: Flame Tongue      ||    11
 Abil: Spit Poison       ||    10
  Use: Potion            ||     1
 Stab: Sleeping          ||     3
Armor: Robe              ||     5
Dodge: Dodged            ||    12

Table legend:
 A = Non-vault XP
 B = Vault XP
 C = Vault XP percentage of total XP
 D = Non-vault monster count
 E = Vault monster count
 F = Vault count percentage of total count
                 A         B        C        D         E       F
            +---------+---------+-------+---------+---------+-------
      Total |      20 |       0 |   0.0 |      11 |       0 |   0.0
            +---------+---------+-------+---------+---------+-------
        D:1 |      20 |       0 |   0.0 |      11 |       0 |   0.0
            +---------+---------+-------+---------+---------+-------
